 Dungeon Crawl Stone Soup version 0.27-a0-1590-g15f69828bf (webtiles) character file.

Game seed: 5812387081601718642

252 Sobieck the Insei (level 6, 0/32 HPs)
             Began as a Vine Stalker Monk on July 18, 2021.
             Slain by Crazy Yiuf (5 damage)
             ... on level 2 of the Dungeon.
             The game lasted 00:04:49 (2924 turns).

Sobieck the Insei (Vine Stalker Monk)               Turns: 2924, Time: 00:04:49

Health: 0/32       AC:  5    Str: 14    XL:     6   Next: 13%
Magic:  0/7        EV: 11    Int: 11    God:
Gold:   37         SH:  0    Dex: 17    Spells: 5/5 levels left

rFire    . . .     SeeInvis .     - Unarmed
rCold    . . .     Faith    .   (no shield)
rNeg     . . .     Spirit   +   l - +0 ring mail
rPois    .         Reflect  .   (no helmet)
rElec    .         Harm     .   (no cloak)
rCorr    .         Rampage  .   (no gloves)
Will     .....                  (no boots)
Stlth    ++........             (no amulet)
HPRegen  1.10/turn              (no ring)
MPRegen  0.10/turn              (no ring)

@: no status effects
A: fangs 2, regeneration 1, magic shield, antimagic bite, no potion heal 2
a: no special abilities


You were on level 2 of the Dungeon.
You visited 1 branch of the dungeon, and saw 3 of its levels.

You collected 37 gold pieces.


Innate Abilities, Weirdness & Mutations

You have extremely sharp teeth.
Your natural rate of healing is unusually fast.
When hurt, damage is shared between your health and your magic reserves.
Your bite disrupts and absorbs the magic of your enemies.
Potions cannot restore your health.


   Skills:
 + Level 3.4 Fighting
 + Level 1.6 Armour
 + Level 3.0 Dodging
 + Level 4.0 Stealth
 * Level 4.5 Unarmed Combat


You had 5 spell levels left.
You didn't know any spells.
Your spell library contained the following spells:

 Spells                   Type           Power      Damage    Failure   Level
 Ensorcelled Hibernation  Hex/Ice        0%         N/A       73%         2
 Spider Form              Tmut/Pois      0%         N/A       91%         3
 Shadow Creatures         Summ           N/A        N/A       100%        6

Inventory:

Missiles
 b - 21 stones (quivered) {throwing}
 c - 30 arrows
 f - 12 sling bullets
Armour
 a - a +0 robe
 l - a +0 ring mail (worn)
   (You found it on level 2 of the Dungeon)
Scrolls
 e - a scroll of fog {unknown}
 h - a scroll of teleportation {unknown}
 k - a scroll of silence {unknown}
Potions
 d - a potion of haste {unknown}
 g - 2 potions of curing {unknown}
 i - a potion of mutation {unknown}
 j - a potion of heal wounds {unknown}
 m - a potion of magic {unknown}

Dungeon Overview and Level Annotations

Branches:
Dungeon (3/15)

Altars:

Annotations:
D:2 Crazy Yiuf

#.#......#.#.#######......#
##[##.###.#...#####
##.....#
.................># #.#####
##.#.############## ###
##......# #.....####♣♣♣♣♣
#..........)♣)♣♣♣ ####
#...........)♣))♣#)))#
#..).......P♣♣♣♣@g)).#
#..........♣♣ ♣♣#)))#
#......###♣♣ #### ###..#.#
# #..#.# # #..#.# # #....#
# ##.### # #.# #######


You could see Crazy Yiuf.


Message History

You see here a +0 mace {mace}.
Crazy Yiuf shouts!
Crazy Yiuf grits, "Iron agre sanguine!"
You see here a +0 mace {mace}.
You see here a +0 mace {mace}.
Found a glowing mace.
You see here a +0 mace {mace}.
You see here a +0 mace {mace}.
You see here a +0 mace {mace}.
You see here a +0 mace {mace}.
You see here a +0 mace {mace}.
You see here a +0 mace {mace}.
A frilled lizard comes into view.
You hit the frilled lizard.
You kill the frilled lizard!
No target in view!
No target in view!
A rat comes into view.
The helpless rat fails to defend itself.
You punch the rat!
You kill the rat!
No target in view!
No target in view!
No target in view!
You see here a rat corpse.
You now have 37 gold pieces (gained 16).
A frilled lizard is nearby!
No target in view!
No target in view!
A frilled lizard is nearby!
The frilled lizard hisses angrily.
You hit the frilled lizard. Your bite misses the frilled lizard.
You barely miss the frilled lizard. You bite the frilled lizard.
You kill the frilled lizard!
No target in view!
You see here a +0 mace {mace}.
You see here a +0 mace {mace}.
You see here a +0 mace {mace}.
You see here a +0 mace {mace}.
You see here a +0 mace {mace}.
You open the door.
There is an open translucent door here.
You see here a +0 mace {mace}.
Okay, then.
Unknown command.
You hit Crazy Yiuf but do no damage. Crazy Yiuf misses you.
You hit Crazy Yiuf but do no damage.
Crazy Yiuf yells, "Prologue aubergine arm!"
Crazy Yiuf hits you with a +3 quarterstaff of chaos.
You feel your power leaking away. 😕 HP[-3] MP[-1]
You take 3 damage, and now have 29/32 hp.
You lost 1 mp, and now have 6/7 mp.
You completely miss Crazy Yiuf. Your bite misses Crazy Yiuf.
Crazy Yiuf cries, "Announcement childish testudinal!"
Crazy Yiuf misses you. 😕 HP[+1]
You hit Crazy Yiuf but do no damage. Your bite misses Crazy Yiuf.
Crazy Yiuf hits you with a +3 quarterstaff of chaos.
You easily resist. 😕 HP[-4] MP[-1]
You take 4 damage, and now have 26/32 hp.
You lost 1 mp, and now have 5/7 mp.
You hit Crazy Yiuf. Your bite misses Crazy Yiuf.
Crazy Yiuf says, "Iron!
Lay sanguine sanguine."
Crazy Yiuf hits you with a +3 quarterstaff of chaos!
Crazy Yiuf freezes you. 😮 HP[-9] MP[-3]
You take 9 damage, and now have 17/32 hp.
MASSIVE DAMAGE!! (PAUSE)
You lost 3 mp, and now have 2/7 mp.
You hit Crazy Yiuf. You bite Crazy Yiuf, but do no damage.
Crazy Yiuf barely misses you. 😮 HP[+1]
You hit Crazy Yiuf but do no damage. Crazy Yiuf misses you. 😮 HP[+1]
You hit Crazy Yiuf. You bite Crazy Yiuf, but do no damage.
Crazy Yiuf misses you. 😮 HP[+1]
You hit Crazy Yiuf but do no damage. 😮 HP[+1]
You hit Crazy Yiuf but do no damage. Crazy Yiuf barely misses you. 😮 HP[+1]
You barely miss Crazy Yiuf. You bite Crazy Yiuf, but do no damage.
Crazy Yiuf hits you with a +3 quarterstaff of chaos!
* * * LOW HITPOINT WARNING * * *
😨 HP[-9] MP[-1]
You take 9 damage, and now have 13/32 hp.
MASSIVE DAMAGE!! (PAUSE)
You lost 1 mp, and now have 1/7 mp.
You hit Crazy Yiuf.
Crazy Yiuf glowers.
Crazy Yiuf completely misses you. 😨 HP[+1]
You hit Crazy Yiuf.
Crazy Yiuf whimpers, "Candle!
Blight chair bag."
Crazy Yiuf hits you with a +3 quarterstaff of chaos!
* * * LOW HITPOINT WARNING * * *
Crazy Yiuf freezes you.
You die...

Skill      XL: |  1  2  3  4  5 |
---------------+----------------+-----
Stealth        | 3 4 |  4.0
Fighting       | 3 |  3.4
Armour         | 1 |  1.6
Dodging        | 3 |  3.0
Unarmed Combat | 4 |  4.5

Action                   |  1- 3 |  4- 6 || total
-------------------------+-------+-------++-------
Melee: Unarmed           |   127 |    44 ||   171
       Bite              |    27 |     9 ||    36
       Punch             |     1 |     2 ||     3
Throw: Stone             |     4 |       ||     4
 Stab: Sleeping          |     9 |     2 ||    11
Armor: Robe              |    10 |       ||    10
       Ring mail         |       |     3 ||     3
Dodge: Dodged            |    69 |    17 ||    86

Levels and vault maps discovered:
D:1:      dpeg_arrival_round_a, layout_basic,
          shapermc_ecumenical_altar_mp_ritualfount, roderic_roman_lattice,
          grunt_decor_resistance
D:2:      layout_basic, grunt_decor_mini_mirrors, minmay_statues_item,
          uniq_crazy_yiuf_cottage, uniq_jessica, uniq_sigmund
D:3:      layout_loops_ring, gammafunk_temple_overflow_statue,
          portal_sewer_entry_f, serial_shops, shop,
          chequers_serial_rivers_micro_a

Notes
Turn   | Place    | Note
-------+----------+-------------------------------------------
     0 | D:1      | Sobieck the Vine Stalker Monk began the quest for the Orb.
     0 | D:1      | Reached XP level 1. HP: 11/11 MP: 2/2
     0 | D:1      | magus.rc [v1.9.6]
   143 | D:1      | Reached XP level 2. HP: 14/16 MP: 1/3
   338 | D:1      | You pick up a book of Dreams and begin reading...
   338 | D:1      | You add the spells Ensorcelled Hibernation, Spider Form and
                  | Shadow Creatures to your library.
   618 | D:1      | HP: 4/16 [hobgoblin (1)]
   621 | D:1      | HP: 1/16 [endoplasm (2)]
  1102 | D:1      | Reached XP level 3. HP: 16/19 MP: 4/4
  1181 | D:1      | Reached skill level 3 in Stealth
  1374 | D:1      | Found a faded altar of an unknown god.
  2193 | D:2      | Noticed Sigmund
  2212 | D:2      | Killed Sigmund
  2213 | D:2      | Reached skill level 3 in Fighting
  2213 | D:2      | Reached skill level 1 in Armour
  2213 | D:2      | Reached skill level 3 in Dodging
  2213 | D:2      | Reached skill level 4 in Unarmed Combat
  2213 | D:2      | Gained mutation: Your natural rate of healing is unusually
                  | fast. [Vine Stalker growth]
  2213 | D:2      | Reached XP level 4. HP: 8/24 MP: 5/5
  2213 | D:2      | Reached XP level 5. HP: 10/28 MP: 6/6
  2477 | D:2      | Noticed Jessica
  2504 | D:2      | Killed Jessica
  2505 | D:2      | Reached skill level 4 in Stealth
  2505 | D:2      | Reached XP level 6. HP: 22/32 MP: 3/7
  2639 | D:2      | Found a runed translucent door.
  2640 | D:2      | Noticed Crazy Yiuf
  2924 | D:2      | HP: 5/32 [Crazy Yiuf (10)]
  2924 | D:2      | Slain by Crazy Yiuf

Vanquished Creatures
  Sigmund (D:2)
  Jessica (D:2)
  2 worms (D:2)
  A dart slug (D:2)
  6 ball pythons
  3 bats
  8 endoplasms
  3 giant cockroaches
  4 hobgoblins
  4 kobolds
  2 quokkas (D:2)
  6 frilled lizards
  7 goblins
  6 rats
54 creatures vanquished.

Table legend:
 A = Non-vault XP
 B = Vault XP
 C = Vault XP percentage of total XP
 D = Non-vault monster count
 E = Vault monster count
 F = Vault count percentage of total count
                 A         B        C        D         E       F
            +---------+---------+-------+---------+---------+-------
      Total |      96 |     264 |  73.3 |      52 |       2 |   3.7
            +---------+---------+-------+---------+---------+-------
        D:1 |      51 |       0 |   0.0 |      30 |       0 |   0.0
        D:2 |      38 |     264 |  87.4 |      17 |       2 |  10.5
        D:3 |       7 |       0 |   0.0 |       5 |       0 |   0.0
            +---------+---------+-------+---------+---------+-------

Illustrated notes

Table legend:
 A = Kills in this place as a percentage of kills in entire the game.
 B = Kills by you in this place as a percentage of kills by you in the entire game.
 C = Kills by friends in this place as a percentage of kills by friends in the entire game.
 D = Other kills in this place as a percentage of other kills in the entire game.
 E = Experience gained in this place as a percentage of experience gained in the entire game.
 F = Experience gained in this place divided by the number of levels of this place that you have seen.
                   A       B       C       D       E      F
               +-------+-------+-------+-------+-------+----------------------
         Total | 100.0 | 100.0 |   N/A |   N/A | 100.0 | 120.0
       Dungeon | 100.0 | 100.0 |   N/A |   N/A | 100.0 | 120.0
               +-------+-------+-------+-------+-------+----------------------

Table legend: (Time is in decaauts)
 A = Elapsed time spent in this place.
 B = Non-inter-level travel time spent in this place.
 C = Inter-level travel time spent in this place.
 D = Time resting spent in this place.
 E = Time spent auto-exploring this place.
 F = Levels seen in this place.
 G = Mean time per level.
                   A        B        C        D        E       F      G
               +--------+--------+--------+--------+--------+-----+--------+
         Total |   2919 |   2745 |    174 |    676 |   1657 |   3 |  973.0 |
       Dungeon |   2919 |   2745 |    174 |    676 |   1657 |   3 |  973.0 |
               +--------+--------+--------+--------+--------+-----+--------+

Top non-repeatable levels by time:
     D:1: 1521 daAuts
     D:2: 1313 daAuts
     D:3: 85 daAuts
